 Dungeon Crawl Stone Soup version 0.30-a0-748-ge6a52f7cba (webtiles) character file.

Game seed: 7302876508506063139

7103 hbarley the Cleaver (level 11, 0/95 HPs)
             Began as a Hill Orc Fighter on Feb 8, 2023.
             Was an Elder of Uskayaw.
             Succumbed to orange demon's concentrated venom
             ... on level 10 of the Dungeon.
             The game lasted 00:19:56 (8780 turns).

hbarley the Cleaver (Hill Orc Fighter)              Turns: 8780, Time: 00:19:56

Health: 0/95       AC: 19    Str: 28    XL:     11   Next: 10%
Magic:  11/11      EV:  8    Int:  8    God:    Uskayaw [****..]
Gold:   453        SH: 11    Dex: 12    Spells: 10/10 levels left

rFire   . . .      SeeInvis .    x - +1 hand axe (heavy)
rCold   . . .      Faith    .    c - +0 buckler
rNeg    . . .      Spirit   .    m - +0 plate armour
rPois   .          Reflect  +    l - +0 helmet
rElec   .          Harm     .    (no cloak)
rCorr   +          Rampage  .    r - +2 pair of gloves
Will    .....                    N - +0 pair of boots Stlth
                                 q - amulet of reflection
HPRegen 0.35/turn                k - +6 ring of strength
MPRegen 0.12/turn                s - ring of resist corrosion

@: lethally poisoned (0 -> -39), slowed, very slow
A: no striking features
a: Renounce Religion, Stomp, Line Pass


You were on level 10 of the Dungeon.
You worshipped Uskayaw.
Uskayaw was noncommittal.
You visited 2 branches of the dungeon, and saw 11 of its levels.

You collected 453 gold pieces.

Inventory:

Hand Weapons
 a - a +0 war axe
 x - a +1 heavy hand axe (weapon)
 M - a +2 battleaxe
Missiles
 g - 6 curare-tipped darts (quivered)
 O - 9 poisoned darts
 P - 4 throwing nets
Armour
 b - a +0 scale mail
 c - a +0 buckler (worn)
 e - a +0 chain mail
 l - a +0 helmet (worn)
 m - a +0 plate armour (worn)
 r - a +2 pair of gloves (worn)
 u - an orb of mayhem
 N - a +0 pair of boots (worn)
Jewellery
 k - a +6 ring of strength (left hand)
 q - an amulet of reflection (around neck)
 s - a ring of resist corrosion (right hand)
 y - a ring of protection from fire
 G - an amulet of faith
Wands
 C - a wand of flame (10)
 J - a wand of mindburst (15)
Scrolls
 i - 3 scrolls of identify
 n - 2 scrolls of magic mapping
 o - 8 scrolls of teleportation
 p - 2 scrolls of poison {unknown}
 w - a scroll of torment {unknown}
 A - 2 scrolls of summoning {unknown}
 B - 3 scrolls of brand weapon {unknown}
 E - a scroll of noise {unknown}
 I - 4 scrolls of fog {unknown}
 L - a scroll of amnesia {unknown}
 Q - a scroll of fear {unknown}
Potions
 d - 2 potions of might
 f - 2 potions of haste
 h - 8 potions of curing
 j - 4 potions of heal wounds
 t - a potion of degeneration {unknown}
 v - 3 potions of flight {unknown}
 z - 2 potions of lignification
 D - 2 potions of invisibility {unknown}
 F - 2 potions of resistance
 H - 4 potions of mutation
 K - 2 potions of attraction {unknown}


   Skills:
 + Level 8.8 Fighting
 + Level 13.0 Axes
 + Level 0.9 Throwing
 + Level 8.4 Armour
 + Level 1.3 Dodging
 + Level 4.8 Stealth
 + Level 8.7 Shields


You had 10 spell levels left.
You didn't know any spells.
Your spell library contained the following spells:

 Spells                   Type           Power      Damage    Failure   Level
 Apportation              Tloc           0%         N/A       99%         1
 Magic Dart               Conj           0%         1d3       99%         1
 Call Imp                 Summ           0%         N/A       100%        2
 Mephitic Cloud           Conj/Pois/Air  0%         N/A       100%        3
 Tukima's Dance           Hex            0%         N/A       100%        3
 Passage of Golubria      Tloc           0%         N/A       100%        4
 Alistair's Intoxication  Tmut/Pois      0%         N/A       100%        5
 Yara's Violent Unravell  Hex/Tmut       0%         3d3       100%        5


Dungeon Overview and Level Annotations

Branches:
Dungeon (10/15)            Temple (1/1) D:5
   Lair: D:8-11         Orc: D:9-12

Altars:
Ashenzari
Cheibriados
Dithmenos
Elyvilon
Gozag
Hepliaklqana
Kikubaaqudgha
Makhleb
Nemelex Xobeh
Okawaru
Qazlal
Ru
Sif Muna
Trog
Uskayaw
Vehumet
Wu Jian
Yredelemnul
Zin
The Shining One

Annotations:
D:5 3 runed translucent doors, Esekla's ghost, weakling OpDe; Lobster4's ghost, novice HuNe; TheSexyCheese's ghost, novice MfGl; kingofthe's ghost, amateur OpCj
D:8 7 runed translucent doors, cforsyth's ghost, novice TeSu
D:10 Amaemon


Message History

The orange demon is no longer paralysed.
Amaemon points at the orange demon and mumbles some strange words.
The orange demon seems to grow toxic.
The orange demon closely misses you. Amaemon barely misses you.
You block Amaemon's attack. x2
The orange demon stings you but does no damage.
Uskayaw will force your foes to share their pain.
Uskayaw links your audience in an emotional bond!
You barely miss Amaemon.
Amaemon is severely wounded.
The helpless scorpion fails to defend itself.
You hit the scorpion.
You kill the scorpion!
The scorpion's corpse disappears in a puff of smoke!
You feel very sick.
The scorpion is no longer paralysed.
Amaemon hits you with a -2 demon whip of venom!
You are more poisoned.
Amaemon claws you but does no damage. Amaemon barely misses you.
The orange demon stings you from afar.
You are more poisoned.
You have difficulty breathing.
You feel yourself slow down.
You miss Amaemon.
Amaemon is severely wounded.
* * * LOW HITPOINT WARNING * * *
You feel extremely sick.
Amaemon is no longer sharing his pain.
The orange demon is no longer sharing its pain.
The scorpion is no longer sharing its pain.
Amaemon hits you but does no damage. Amaemon claws you but does no damage.
Amaemon closely misses you. The orange demon stings you from afar!
* * * LOW HITPOINT WARNING * * *
You are more poisoned.
You have difficulty breathing.
* * * LOW HITPOINT WARNING * * *
You feel as though you will be slow longer.
You block the scorpion's attack.
You slice Amaemon!!
Amaemon is almost dead.
You hit the scorpion.
You die...

.............#
####.####.#### .....#
#.# ###### ##'## #
##...## # # ##.....##
#####.### ##
##.......###.>.....#
.####.........##s#...#.#
....'.........'.@64.....
..###.........##.....#.#
...###.......###..#.##
....###.....## #..# #
...## ##...## #..# ..##
##'## #... .## #.# ##.##
## #.#######.# #.......#


You could see Amaemon, an orange demon (curare) and a scorpion (summoned).

Vanquished Creatures
  Harold (D:9)
  Erolcha (D:9)
  A two-headed ogre (D:9)
  A boulder beetle (D:8)
  Maggie (D:6)
  A kobold demonologist (D:9)
  Grinder (D:3)
  A vampire (D:9)
  Eustachio (D:6)
  3 yaks (D:9)
  A steam dragon (D:6)
  Menkaure (D:4)
  Edmund (D:4)
  An acid dragon (D:9)
  An ice beast (D:6)
  A black bear (D:4)
  2 sky beasts
  2 ogres
  2 centaurs
  3 bullfrogs
  3 kobold brigands
  Blork the orc (D:6)
  4 gnoll sergeants
  2 scorpions
  6 wights
  A howler monkey (D:8)
  5 hounds
  3 orc priests
  A jelly (D:6)
  5 iguanas
  Ijyb (D:4)
  7 orc wizards
  18 gnolls
  6 adders
  3 shadow imps
  4 ufetubi
  A worm (D:2)
  A dart slug (D:2)
  26 orcs
  6 ball pythons
  4 bats
  5 endoplasms
  3 giant cockroaches
  12 goblins
  7 hobgoblins
  10 jackals
  7 quokkas
  5 frilled lizards
  27 kobolds
  7 rats
218 creatures vanquished.

Vanquished Creatures (others)
  2 withered plants (D:5)
2 creatures vanquished.

Grand Total: 220 creatures vanquished

Notes
Turn   | Place    | Note
-------+----------+-------------------------------------------
     0 | D:1      | hbarley the Hill Orc Fighter began the quest for the Orb.
     0 | D:1      | Reached XP level 1. HP: 19/19 MP: 1/1
   118 | D:1      | Reached XP level 2. HP: 27/27 MP: 2/2
   476 | D:1      | Reached XP level 3. HP: 33/33 MP: 3/3
   562 | D:1      | Reached skill level 3 in Axes
   952 | D:2      | Reached XP level 4. HP: 24/40 MP: 4/4
   958 | D:2      | Reached skill level 4 in Axes
  1522 | D:3      | Noticed Grinder
  1535 | D:3      | Killed Grinder
  1536 | D:3      | Reached skill level 5 in Axes
  1536 | D:3      | Reached XP level 5. HP: 40/47 MP: 5/5
  1536 | D:3      | Reached XP level 6. HP: 47/55 MP: 6/6
  1729 | D:3      | Reached skill level 6 in Axes
  1892 | D:3      | Reached skill level 5 in Fighting
  2425 | D:4      | Noticed a black bear
  2432 | D:4      | Killed a black bear
  2433 | D:4      | Reached XP level 7. HP: 52/61 MP: 7/7
  2473 | D:4      | Noticed Menkaure
  2478 | D:4      | Killed Menkaure
  2479 | D:4      | Reached skill level 7 in Axes
  2702 | D:4      | Noticed Ijyb
  2716 | D:4      | Killed Ijyb
  2717 | D:4      | Reached skill level 5 in Shields
  2794 | D:4      | HP: 2/61 [orc priest/+0 club (3)]
  3159 | D:4      | Noticed Edmund
  3170 | D:4      | Killed Edmund
  3403 | D:5      | Entered Level 5 of the Dungeon
  3416 | D:5      | Reached skill level 8 in Axes
  3420 | D:5      | Reached XP level 8. HP: 66/70 MP: 8/8
  3503 | D:5      | Reached skill level 5 in Armour
  4164 | D:5      | Found a staircase to the Ecumenical Temple.
  4180 | Temple   | Entered the Ecumenical Temple
  4458 | Temple   | Became a worshipper of Uskayaw the Reveller
  4585 | D:5      | Found a runed translucent gate.
  4585 | D:5      | Found a runed translucent gate.
  4585 | D:5      | Found a runed translucent gate.
  4587 | D:5      | Noticed kingofthe's ghost (amateur OpCj)
  4587 | D:5      | Noticed TheSexyCheese's ghost (novice MfGl)
  4588 | D:5      | Noticed Esekla's ghost (weakling OpDe)
  4588 | D:5      | Noticed Lobster4's ghost (novice HuNe)
  4864 | D:6      | Reached * piety under Uskayaw
  4867 | D:6      | Noticed Maggie
  4873 | D:6      | Reached ** piety under Uskayaw
  4875 | D:6      | Reached skill level 9 in Axes
  4876 | D:6      | Reached *** piety under Uskayaw
  4880 | D:6      | Reached **** piety under Uskayaw
  4889 | D:6      | Killed Maggie
  5090 | D:6      | Reached skill level 1 in Stealth
  5110 | D:6      | Noticed Eustachio
  5126 | D:6      | Killed Eustachio
  5227 | D:6      | Reached skill level 10 in Axes
  5231 | D:6      | Reached XP level 9. HP: 76/78 MP: 9/9
  5472 | D:6      | Noticed Blork the orc
  5478 | D:6      | Killed Blork the orc
  5511 | D:6      | Reached ***** piety under Uskayaw
  5815 | D:7      | Reached skill level 11 in Axes
  6034 | D:7      | Found a hazy altar of Hepliaklqana.
  6764 | D:8      | Noticed a boulder beetle
  6768 | D:8      | Reached XP level 10. HP: 58/86 MP: 10/10
  6948 | D:8      | Killed a boulder beetle
  6949 | D:8      | Reached skill level 1 in Dodging
  7066 | D:8      | Found a runed translucent gate.
  7087 | D:8      | Found a runed translucent gate.
  7087 | D:8      | Found a runed translucent gate.
  7183 | D:8      | Found a shimmering blue altar of Sif Muna.
  7254 | D:8      | Found a huge runed translucent gate.
  7254 | D:8      | Found a huge runed translucent gate.
  7254 | D:8      | Found a huge runed translucent gate.
  7254 | D:8      | Noticed a manticore
  7255 | D:8      | Found a huge runed translucent gate.
  7447 | D:8      | Noticed cforsyth's ghost (novice TeSu)
  7585 | D:9      | Noticed Erolcha
  7589 | D:9      | Killed Erolcha
  7590 | D:9      | Reached skill level 12 in Axes
  7620 | D:9      | Noticed Harold
  7639 | D:9      | Killed Harold
  7939 | D:9      | Found a burning altar of Makhleb.
  8252 | D:9      | Noticed a kobold demonologist
  8264 | D:9      | Killed a kobold demonologist
  8310 | D:9      | Noticed a two-headed ogre
  8317 | D:9      | Killed a two-headed ogre
  8318 | D:9      | Reached skill level 13 in Axes
  8318 | D:9      | Reached XP level 11. HP: 41/95 MP: 11/11
  8696 | D:10     | Entered Level 10 of the Dungeon
  8768 | D:10     | Noticed Amaemon
  8780 | D:10     | Succumbed to orange demon's concentrated venom

Illustrated notes

Levels and vault maps discovered:
D:1:      nicolae_arrival_escape_room, layout_basic, chequers_garden
D:2:      layout_rooms, minmay_vboxes
D:3:      layout_basic, uniq_grinder
D:4:      layout_loops_ring, uniq_ijyb, uniq_edmund, uniq_menkaure
D:5:      layout_basic, temple_hall, gammafunk_ghost_cemetery, kennysheep_boxes
D:6:      layout_cave_pods, st_stairs_4, uniq_maggie, uniq_blork_the_orc,
          uniq_eustachio
D:7:      layout_rooms, minmay_ruined_shrine
D:8:      lemuel_bear_cage, layout_basic, mainiacjoe_overflow_tiny_flanked,
          gammafunk_ghost_necromancy
D:9:      layout_gridville, mainiacjoe_overflow_boulevard,
          chequers_decorated_corner, kennysheep_pointless_box, uniq_erolcha,
          uniq_harold
D:10:     layout_loops_corners, uniq_amaemon
Temple:   mainiacjoe_temple_big_plus

Skill      XL: |  1  2  3  4  5  6  7  8  9 10 |
---------------+-------------------------------+-----
Fighting       | 4 5 6 7 8 |  8.8
Axes           | 3 5 6 8 10 11 13 | 13.0
Armour         | 4 5 7 8 |  8.4
Shields        | 4 5 6 7 8 |  8.7
Stealth        | 1 3 4 |  4.8
Dodging        | 1 |  1.3
Throwing       | |  0.9

Action                     |  1- 3 |  4- 6 |  7- 9 | 10-12 || total
---------------------------+-------+-------+-------+-------++-------
  Melee: War axe           |   114 |    50 |       |       ||   164
         Hand axe          |       |    43 |   219 |   135 ||   397
  Throw: Dart              |       |       |     1 |     3 ||     4
    Use: Scroll            |       |       |     7 |       ||     7
   Stab: Paralysed         |       |       |    15 |    13 ||    28
 Armour: Scale mail        |    16 |       |       |       ||    16
         Chain mail        |    41 |       |       |       ||    41
         Plate armour      |    49 |    76 |   113 |    89 ||   327
  Dodge: Dodged            |    54 |    21 |    55 |    28 ||   158
  Block: Buckler           |    32 |    47 |   131 |    74 ||   284
         Reflection        |       |     4 |     9 |     4 ||    17

Table legend: (Time is in decaauts)
 A = Elapsed time spent in this place.
 B = Non-inter-level travel time spent in this place.
 C = Inter-level travel time spent in this place.
 D = Time resting spent in this place.
 E = Time spent auto-exploring this place.
 F = Levels seen in this place.
 G = Mean time per level.
                   A        B        C        D        E       F      G
               +--------+--------+--------+--------+--------+-----+--------+
         Total |   8915 |   8339 |    576 |    523 |   6384 |  11 |  810.5 |
       Dungeon |   8607 |   8071 |    536 |    523 |   6120 |  10 |  860.7 |
        Temple |    308 |    268 |     40 |      0 |    264 |   1 |  308.0 |
               +--------+--------+--------+--------+--------+-----+--------+

Top non-repeatable levels by time:
     D:4: 1185 daAuts
     D:5: 1161 daAuts
     D:9: 1115 daAuts
     D:6: 959 daAuts
     D:7: 927 daAuts
     D:1: 857 daAuts
     D:8: 857 daAuts
     D:3: 826 daAuts
     D:2: 630 daAuts
  Temple: 308 daAuts
    D:10: 84 daAuts
